 Dungeon Crawl Stone Soup version 0.29.1-15-g9cfb28693d (webtiles) character file.

Game seed: 4507308832701563695

351 Acheron the Chopper (level 6, -3/59 HPs)
             Began as a Troll Gladiator on Apr 30, 2023.
             Slain by a steam dragon (8 damage)
             ... on level 7 of the Dungeon.
             The game lasted 00:11:41 (2065 turns).

Acheron the Chopper (Troll Gladiator)               Turns: 2065, Time: 00:11:42

Health: -3/59      AC:  2    Str: 29    XL:     6   Next: 34%
Magic:  5/5        EV: 10    Int:  6    God:
Gold:   799        SH:  0    Dex: 11    Spells: 5/5 levels left

rFire   . . .      SeeInvis .   a - +1 war axe
rCold   . . .      Faith    .   (no shield)
rNeg    . . .      Spirit   .   b - +0 robe
rPois   .          Reflect  .   c - +0 hat
rElec   .          Harm     .   w - +1 cloak
rCorr   .          Rampage  .   (gloves unavailable)
Will    .....                   (boots unavailable)
Stlth   ++........              g - amulet of regeneration
HPRegen 1.79/turn               f - +6 ring of strength
MPRegen 0.09/turn               (no ring)

@: corroded
A: large, unfitting armour, claws 3, regeneration 1, shaggy fur 1, tough skin 1
a: no special abilities


You were on level 7 of the Dungeon.
You visited 1 branch of the dungeon, and saw 7 of its levels.

You collected 837 gold pieces.
You spent 38 gold pieces at shops.

Inventory:

Hand Weapons
 a - a +1 war axe (weapon)
 s - a +0 rapier
Missiles
 d - 3 throwing nets
 e - a large rock
 l - 2 boomerangs
 m - 4 boomerangs of dispersal
 y - 4 javelins (quivered)
Armour
 b - a +0 robe (worn)
 c - a +0 hat (worn)
 w - a +1 cloak (worn)
Jewellery
 f - a +6 ring of strength (left claw)
 g - an amulet of regeneration (around neck)
 q - an amulet of reflection
 x - an amulet of the acrobat
Scrolls
 h - a scroll of fear
 j - a scroll of teleportation
 k - 2 scrolls of enchant armour {unknown}
 n - a scroll of acquirement
Potions
 i - a potion of mutation {unknown}
 o - a potion of magic {unknown}
 p - a potion of curing
 r - a potion of ambrosia {unknown}
 t - a potion of degeneration {unknown}
 u - 2 potions of haste
 v - 2 potions of flight
 z - a potion of might {unknown}


   Skills:
 * Level 2.8 Fighting
 + Level 4.0 Axes
 * Level 2.3 Throwing
 * Level 3.5 Dodging
 * Level 1.3 Stealth


You had 5 spell levels left.
You didn't know any spells.
Your spell library contained the following spells:

 Spells                   Type           Power      Damage    Failure   Level
 Ignite Poison            Fire/Tmut/Pois 0%         N/A       83%         3
 Mephitic Cloud           Conj/Pois/Air  0%         N/A       83%         3
 Freezing Cloud           Conj/Ice/Air   0%         6-21      100%        5


Dungeon Overview and Level Annotations

Branches:
Dungeon (7/15)
 Temple: D:4-7

Altars:
Fedhas

Shops:
D:4 *

Annotations:
D:1 exclusion: downstairs
D:3 exclusion: downstairs
D:4 Dowan, Edmund


Innate Abilities, Weirdness & Mutations

You are too large for most types of armour.
You have claws for hands.
Your natural rate of healing is unusually fast.
You are covered in fur. (AC +1)
You have tough skin. (AC +1)


Message History

h - a scroll of fear You see here a +0 pair of gloves.
You barely miss the steam dragon.
The jelly quivers.
The steam dragon bites you but does no damage.
The steam dragon closely misses you.
The steam dragon bites you but does no damage.
The steam dragon claws you but does no damage.
You completely miss the jelly. You slash the steam dragon!
The jelly hits you but does no damage. The steam dragon barely misses you.
The steam dragon claws you but does no damage.
You slash the jelly!
Your claws burn!
The jelly is heavily wounded.
You hit the steam dragon but do no damage.
The jelly hits you. The acid corrodes you!
You are splashed with acid!
The steam dragon bites you but does no damage.
The steam dragon claws you.
You slash the jelly!
You kill the jelly!
You closely miss the steam dragon. The steam dragon breathes steam at you.
The ball of steam hits you!! The steam dragon bites you.
The steam dragon barely misses you.
Your Axes skill increases to level 4!
The steam dragon closely misses you. The steam dragon claws you.
You hit the steam dragon.
You claw the steam dragon, but do no damage.
The steam dragon is heavily wounded.
The steam dragon barely misses you. The steam dragon claws you.
You hit the steam dragon but do no damage.
The steam dragon is heavily wounded.
The steam dragon breathes steam at you. The ball of steam hits you!
* * * LOW HITPOINT WARNING * * *
You barely miss the steam dragon.
The steam dragon is heavily wounded.
You are engulfed in a cloud of scalding steam.
* * * LOW HITPOINT WARNING * * *
The steam dragon bites you!
You die...

......... ..# .[.....#
##.## #.#.#.####...##
.............# #
####.#.#.# #....# .##
.......<.#####.#.#...##
#####..##...$.§....#
.## #..........[#.###..
#.###.#####@D..#.. #.
#.# ##.#...# #. ....
#.# .## #
#.$..?..#.##§#
#..........§§#
#.......###### .


You could see a steam dragon (catching breath).

Vanquished Creatures
  A scorpion (D:3)
  A jelly (D:7)
  An orc priest (D:5)
  A hound (D:6)
  An iguana (D:6)
  An orc wizard (D:5)
  A gnoll (D:6)
  6 adders
  A shadow imp (D:6)
  A white imp (D:3)
  2 dart slugs
  11 orcs
  2 endoplasms (D:2)
  2 giant cockroaches
  9 goblins
  A hobgoblin (D:2)
  2 jackals (D:2)
  3 kobolds
  2 quokkas
  5 ball pythons
  4 bats
  A frilled lizard (D:1)
  7 rats
66 creatures vanquished.

Vanquished Creatures (others)
  19 plants
  10 withered plants (D:3)
29 creatures vanquished.

Grand Total: 95 creatures vanquished

Notes
Turn   | Place    | Note
-------+----------+-------------------------------------------
     0 | D:1      | Acheron the Troll Gladiator began the quest for the Orb.
     0 | D:1      | Reached XP level 1. HP: 19/19 MP: 0/0
   393 | D:1      | Reached XP level 2. HP: 28/28 MP: 1/1
   611 | D:2      | Reached XP level 3. HP: 35/35 MP: 2/2
   703 | D:2      | Found a blossoming altar of Fedhas.
   813 | D:3      | Noticed a scorpion
   860 | D:2      | Reached skill level 3 in Axes
   911 | D:2      | Reached XP level 4. HP: 42/42 MP: 3/3
  1155 | D:4      | Noticed Dowan
  1156 | D:4      | Noticed Edmund
  1345 | D:3      | Killed a scorpion
  1346 | D:3      | Reached skill level 1 in Stealth
  1346 | D:3      | Reached XP level 5. HP: 43/50 MP: 4/4
  1486 | D:3      | Found a faded altar of an unknown god.
  1666 | D:4      | Found Poisacwi's Assorted Antiques.
  1690 | D:4      | Bought a lumpy clear potion for 19 gold pieces
  1690 | D:4      | Bought a glowing amethyst potion for 19 gold pieces
  1695 | D:5      | Entered Level 5 of the Dungeon
  1843 | D:7      | Noticed a steam dragon
  1872 | D:6      | Reached XP level 6. HP: 59/59 MP: 5/5
  2036 | D:6      | Identified 2 scrolls of acquirement
  2036 | D:6      | Acquired 574 gold pieces
  2062 | D:7      | Reached skill level 4 in Axes
  2065 | D:7      | HP: 2/59 [steam dragon] (12)]
  2065 | D:7      | Slain by a steam dragon

Illustrated notes

Levels and vault maps discovered:
D:1:      minmay_arrival_diagonal_passages, layout_loops_ring,
          nicolae_grassy_gnolls
D:2:      layout_rooms, basic_altar
D:3:      layout_rooms, grunt_temple_overflow_diamond,
          shapermc_ecumenical_altar_flowoftime, grunt_decor_arrowhead,
          minmay_crystal_water, kennysheep_big_empty_room, grunt_decor_junction,
          chequers_serial_rivers_small_b, chequers_serial_rivers_room_b,
          uniq_crazy_yiuf_cottage
D:4:      layout_cave_pools, fedhas_ov_isle_minmay,
          grunt_temple_overflow_bloody_war, nicolae_ashenzari_panopticon,
          serial_shops, shop_coins, portal_sewer_entry_d, serial_forest,
          infiniplex_forest_corner_1, infiniplex_forest_diagonal,
          infiniplex_forest_lined_3_way, infiniplex_forest_corner_1,
          infiniplex_forest_straight_4, infiniplex_forest_straight_5,
          infiniplex_forest_clump_double, infiniplex_forest_zigzag_1,
          infiniplex_forest_end_2, hex_medium, uniq_natasha, uniq_duvessa,
          uniq_edmund
D:5:      kennysheep_big_flooded_room, layout_gridville,
          mainiacjoe_overflow_surrounded_room, minmay_temple_entry_fiery,
          minmay_shop_grid_forest, minmay_misc_feat_enclosed,
          mumra_transporter_accident
D:6:      layout_basic, uniq_sigmund, uniq_blork_the_orc
D:7:      layout_loops_ring, st_stairs_8, serial_park_tiny_1,
          minmay_statues_item

Skill      XL: |  1  2  3  4  5  6 |
---------------+-------------------+-----
Fighting       | 2 |  2.8
Axes           | 3 4 |  4.0
Dodging        | 3 |  3.5
Stealth        | 1 |  1.3
Throwing       | 2 |  2.3

Action                   |  1- 3 |  4- 6 || total
-------------------------+-------+-------++-------
Melee: War axe           |    96 |   107 ||   203
       Punch             |       |     2 ||     2
Throw: Javelin           |       |     3 ||     3
  Use: Scroll            |       |    11 ||    11
 Stab: Sleeping          |     2 |     1 ||     3
Armor: Robe              |    46 |    48 ||    94
Dodge: Dodged            |    67 |    50 ||   117
